AoeStats
← Chuleta

Oasis

509779191Analyzed
4v4 RM · 4d ago on Sep 28, 2026· 18m 37s· 8 players
Game mode
Random Map
Map size
Large (8 player)
Population
200
Speed
Normal
Resources
Standard
Victory
Conquest
Starting age
Dark Age
Ending age
Imperial Age
RankedLock teamsTeams togetherTeam positionsShared explorationLock speedFull tech treeHidden civsTurbo modeCheats
Victory
Defeat
🇵🇪 Mongols · Peru
1377
+12
🇦🇷 Slavs · Argentina
1265
+17
🇦🇷 Khmer · Argentina
1219
+18
🇧🇩 Teutons · Bangladesh
1217
+19
🇦🇷 Armenians · Argentina
1337
-20
🇦🇷 Cumans · Argentina
1317
-18
🇦🇷 Ethiopians · Argentina
1247
-15
🇦🇷 Maya · Argentina
1207
-36
Caramandunga robada
0:28 Loom
8:44 Feudal Age
11:15 Double-Bit Axe
15:43 Fletching
15:54 Padded Archer Armor
18:06 Wheelbarrow
Chuleta
4:54 Loom
11:30 Feudal Age
11:59 Double-Bit Axe
AoBD I Ruman
7:02 Loom
9:18 Feudal Age
10:19 Double-Bit Axe
17:49 Horse Collar
DGHIR | Miloss
6:57 Loom
9:38 Feudal Age
10:07 Double-Bit Axe
10:32 Horse Collar
14:44 Wheelbarrow
19:00 Gold Mining
guido_ara
6:48 Loom
9:29 Feudal Age
9:59 Double-Bit Axe
14:36 Fletching
14:08 Man-at-Arms
17:39 Long Swordsman
Blito
7:39 Loom
10:46 Feudal Age
16:37 Double-Bit Axe
16:34 Horse Collar
morci
7:02 Loom
9:32 Feudal Age
12:47 Double-Bit Axe
Luis
6:48 Loom
9:23 Feudal Age
11:37 Town Watch
Connection lost

Rejoining the realm…

Still unreachable

The connection could not be restored.

Session expired

The server has moved on; the page needs a fresh start.